 Dungeon Crawl Stone Soup version 0.32-a0-630-g46d191b0ed (webtiles) character file.

Game seed: 13966103445589835573

4060 Alarak the Cruncher (level 10, -12/69 HPs)
             Began as a Demonspawn Gladiator on Mar 6, 2024.
             Was a Priest of Cheibriados.
             Killed from afar by an electric eel (13 damage)
             ... with a bolt of electricity
             ... on level 8 of the Dungeon on Mar 7, 2024.
             The game lasted 00:15:35 (6839 turns).

Alarak the Cruncher (Demonspawn Gladiator)          Turns: 6839, Time: 00:15:36

Health: -12/69     AC: 14    Str: 26    XL:     10   Next: 4%
Magic:  11/11      EV: 13    Int: 15    God:    Cheibriados [***...]
Gold:   337        SH:  0    Dex: 22    Spells: 9/9 levels left

rFire   . . .        h - +2 lajatang (elec)
rCold   + . .        (shield currently unavailable)
rNeg    . . .        b - +0 plate armour
rPois   .            (helmet restricted)
rElec   .            (no cloak)
rCorr   .            q - +1 pair of gloves
SInv    .            (boots unavailable)
Will    .....        m - amulet of magic regeneration Stlth
                     g - +5 ring of evasion
HPRegen 0.31/turn    z - ring of protection from cold
MPRegen 0.52/turn

%: no passive effects
@: wreathed by umbra, very slow
A: hooves 3, horns 1, weakness stinger 1, foul shadow 1
a: Renounce Religion, Bend Time, Temporal Distortion


You were on level 8 of the Dungeon.
You worshipped Cheibriados.
Cheibriados was most pleased with you.
You visited 1 branch of the dungeon, and saw 8 of its levels.
You also visited: Ossuary.

You collected 337 gold pieces.

Inventory:

Hand Weapons
 a - a +0 war axe
 h - a +2 lajatang of electrocution (weapon)
Missiles
 d - 3 throwing nets (quivered)
 e - a javelin
Armour
 b - a +0 plate armour (worn)
 q - a +1 pair of gloves (worn)
Jewellery
 g - a +5 ring of evasion (left hand)
 m - an amulet of magic regeneration (around neck)
 x - a ring of positive energy
 z - a ring of protection from cold (right hand)
 A - a ring of see invisible
 C - a ring of protection from fire
Wands
 j - a wand of charming (12)
Scrolls
 p - a scroll of fog
 u - 2 scrolls of revelation
 v - 5 scrolls of teleportation
 y - a scroll of butterflies
Potions
 c - 2 potions of lignification
 f - 2 potions of cancellation
 i - 2 potions of berserk rage
 k - 3 potions of attraction
 l - a potion of brilliance
 n - 2 potions of might
 o - a potion of mutation
 r - 2 potions of invisibility
 s - a potion of haste {unknown}
 t - 2 potions of heal wounds {unknown}
 w - 4 potions of curing {unknown}


   Skills:
 - Level 2.9 Fighting
 - Level 2.6 Axes
 - Level 12.2 Staves
 - Level 1.7 Throwing
 - Level 4.0 Armour
 - Level 2.6 Dodging
 + Level 2.3 Invocations


You had 9 spell levels left.
You didn't know any spells.
Your spell library contained the following spells:

 Spells                   Type           Power      Damage    Failure   Level
 Foxfire                  Conj/Fire      0%         2x1d4     98%         1
 Freeze                   Ice            0%         1d3       98%         1
 Dazzling Flash           Conj/Hex       0%         N/A       100%        3
 Frozen Ramparts          Ice            0%         1d1       100%        3
 Fugue of the Fallen      Necr           0%         N/A       100%        3
 Gell's Gravitas          Tloc           0%         N/A       100%        3
 Hailstorm                Conj/Ice       0%         3d5       100%        3
 Ozocubu's Armour         Ice            0%         N/A       100%        3
 Summon Ice Beast         Ice/Summ       0%         N/A       100%        3
 Teleport Other           Tloc           0%         N/A       100%        3
 Volatile Blastmotes      Fire/Tloc      0%         2d10      100%        3
 Manifold Assault         Tloc           0%         N/A       100%        4
 Dispersal                Tloc           0%         N/A       100%        6
 Plasma Beam              Fire/Air       0%         2x1d10    100%        6
 Sculpt Simulacrum        Ice/Alch       0%         N/A       100%        6
 Starburst                Conj/Fire      0%         6d3       100%        6
 Maxwell's Capacitive Co  Air            0%         ∞         100%        8


Dungeon Overview and Level Annotations

Branches:
Dungeon (8/15)             Temple (0/1) D:6         Ossuary (visited)
   Lair: D:8-11

Altars:
Ashenzari
Cheibriados
Dithmenos
Nemelex Xobeh
Trog
Vehumet

Shops:
D:1 =

Annotations:
D:5 1 runed translucent door


Innate Abilities, Weirdness & Mutations

You have hooves in place of feet.
You have a pair of small horns on your head.
You have a small tail.
You are faintly shadowed, very rarely releasing foul flame when damaged in melee.


Message History

Done exploring.
Done exploring.
Search for what [Enter for "weapon", or ? for help]? armor Search for what [Enter for "armor", or ? for help]? weapon
There is a stone staircase leading down here.
You climb downwards.
There is a stone staircase leading up here.
Okay, then.
An electric eel comes into view.
The electric eel shoots out a bolt of lightning at you!
The bolt of electricity hits you.
The electric eel shoots out a bolt of lightning at you!
The bolt of electricity misses you.
An electric eel comes into view.
The electric eel shoots out a bolt of lightning at you!
The bolt of electricity hits you!
The electric eel shoots out a bolt of lightning at you!
The bolt of electricity misses you.
A wight comes into view. It is wielding a +3 battleaxe.
Found 12 gold pieces.
Found an escape hatch in the floor.
The electric eel shoots out a bolt of lightning at you!
The bolt of electricity hits you.
The electric eel shoots out a bolt of lightning at you!
The bolt of electricity misses you.
The electric eel shoots out a bolt of lightning at you!
The bolt of electricity hits you!
The electric eel shoots out a bolt of lightning at you!
The bolt of electricity hits you.
The electric eel shoots out a bolt of lightning at you!
The bolt of electricity hits you!
The electric eel shoots out a bolt of lightning at you!
The bolt of electricity hits you!
* * * LOW HITPOINT WARNING * * *
The electric eel shoots out a bolt of lightning at you!
The bolt of electricity hits you!
* * * LOW HITPOINT WARNING * * *
The electric eel shoots out a bolt of lightning at you!
The bolt of electricity hits you!
You die...
Cheibriados appreciates the motionlessness of death.

... #.# ♣.. #.#
♣P..#.# ♣..#.#
~.#>## ~ ♣.$.
~~~~♣♣..######
~~~zS....@...#
≈~~~S♣.#####.###
≈~~~ ♣.........#
≈≈≈~~♣♣#####.#.#
≈≈~≈P~....<#.#.#
≈≈≈~P♣♣.####.#.#
≈≈~ ♣~..# #.#.#
≈≈≈~P♣♣.####.#.#
≈~~≈ ♣......#.#


You could see 2 electric eels and a wight.

Vanquished Creatures
  A two-headed ogre (D:5)
  A wraith (D:5)
  The ghost of NotYourErnst the Trooper, an amateur MDBr (D:5)
  A steam dragon (D:7)
  Menkaure (D:4)
  3 orc warriors
  A sky beast (D:6)
  3 black bears
  2 centaurs (D:7)
  A phantom (D:5)
  A bullfrog (D:5)
  10 scorpions
  3 howler monkeys
  4 centaur zombies (Ossuary)
  2 jellies
  2 bombardier beetles
  A hound (D:5)
  4 orc priests
  2 human zombies (Ossuary)
  A sleepcap (D:6)
  Natasha (thrice) (D:3)
  4 iguanas
  4 scorpion zombies (Ossuary)
  7 orc wizards
  3 mummies (Ossuary)
  14 adders
  3 gnolls (D:5)
  3 white imps
  2 adder zombies (Ossuary)
  A dart slug (D:2)
  5 ribbon worms
  23 orcs
  2 endoplasms
  5 giant cockroaches
  9 goblins
  4 hobgoblins
  2 jackals (D:4)
  9 quokkas
  10 ball pythons
  A ball python zombie (Ossuary)
  5 bats
  6 frilled lizards
  2 gnoll zombies (Ossuary)
  3 jackal zombies (Ossuary)
  6 kobolds
  2 orc zombies (Ossuary)
  3 rats
186 creatures vanquished.

Vanquished Creatures (others)
  A ball python (D:1)
1 creature vanquished.

Grand Total: 187 creatures vanquished

Notes
Turn   | Place    | Note
-------+----------+-------------------------------------------
     0 | D:1      | Alarak the Demonspawn Gladiator began the quest for the
                  | Orb.
     0 | D:1      | Reached XP level 1. HP: 16/16 MP: 1/1
   665 | D:1      | Found Aseacy's Jewellery Shoppe.
   740 | D:1      | Discovered your monstrous ancestry.
   740 | D:1      | Gained mutation: You have large cloven feet. [demonic
                  | ancestry]
   740 | D:1      | Reached XP level 2. HP: 23/23 MP: 2/2
  1266 | D:2      | Identified a scroll of acquirement
  1266 | D:2      | Acquired a +2 lajatang of electrocution
  1348 | D:2      | Reached skill level 1 in Staves
  1413 | D:2      | Gained mutation: You have hoof-like feet. [demonic
                  | ancestry]
  1413 | D:2      | Reached XP level 3. HP: 28/28 MP: 3/3
  1443 | D:2      | Reached skill level 2 in Staves
  1548 | D:2      | Gained mutation: You have a pair of small horns on your
                  | head. [demonic ancestry]
  1548 | D:2      | Reached XP level 4. HP: 34/34 MP: 4/4
  1920 | D:2      | You fall into a shaft and drop 2 floors!
  1930 | D:4      | Noticed a scorpion
  1938 | D:4      | Killed a scorpion
  1939 | D:4      | Reached skill level 3 in Staves
  1939 | D:4      | Gained mutation: You are faintly shadowed, very rarely
                  | releasing foul flame when damaged in melee. [demonic
                  | ancestry]
  1939 | D:4      | Reached XP level 5. HP: 40/40 MP: 5/5
  1965 | D:4      | Reached skill level 4 in Staves
  2061 | D:4      | Noticed Menkaure
  2090 | D:4      | Found a sand-covered staircase.
  2099 | Ossuary  | Entered an ossuary
  2114 | Ossuary  | Reached skill level 5 in Staves
  2114 | Ossuary  | Reached XP level 6. HP: 41/46 MP: 6/6
  2185 | Ossuary  | Reached skill level 6 in Staves
  2299 | Ossuary  | Reached XP level 7. HP: 50/51 MP: 7/7
  2376 | Ossuary  | Reached skill level 7 in Staves
  2726 | D:3      | Noticed Natasha
  2733 | D:3      | Killed Natasha
  2755 | D:3      | Found a snail-covered altar of Cheibriados.
  2756 | D:3      | Found a broken altar of Ashenzari.
  2874 | D:3      | Noticed Natasha
  2880 | D:3      | Killed Natasha
  2881 | D:3      | Reached skill level 8 in Staves
  2931 | D:3      | Found a sparkling altar of Nemelex Xobeh.
  3376 | D:3      | Noticed Natasha
  3378 | D:3      | Killed Natasha
  3642 | D:4      | Killed Menkaure
  3643 | D:4      | Gained mutation: You have a small tail. [demonic ancestry]
  3643 | D:4      | Reached XP level 8. HP: 31/57 MP: 8/8
  3693 | D:3      | Became a worshipper of Cheibriados the Contemplative
  4110 | D:5      | Entered Level 5 of the Dungeon
  4295 | D:5      | Found a runed translucent door.
  4297 | D:5      | Noticed NotYourErnst's ghost (amateur MDBr)
  4409 | D:5      | Found a runed translucent door.
  4409 | D:5      | Found a bloodstained altar of Trog.
  4431 | D:5      | Reached * piety under Cheibriados
  4476 | D:5      | Reached skill level 9 in Staves
  4623 | D:5      | Noticed a two-headed ogre
  4633 | D:5      | Killed a two-headed ogre
  4634 | D:5      | Reached skill level 10 in Staves
  4634 | D:5      | Reached XP level 9. HP: 10/62 MP: 9/9
  5163 | D:5      | Reached skill level 11 in Staves
  5177 | D:5      | Killed NotYourErnst's ghost
  5385 | D:6      | Reached ** piety under Cheibriados
  5386 | D:6      | Reached skill level 1 in Armour
  5475 | D:6      | Found a staircase to the Ecumenical Temple.
  5557 | D:6      | Found a shadowy altar of Dithmenos.
  6164 | D:7      | Found a radiant altar of Vehumet.
  6278 | D:7      | Reached skill level 12 in Staves
  6321 | D:7      | Reached *** piety under Cheibriados
  6608 | D:7      | Gained mutation: You have hooves in place of feet. [demonic
                  | ancestry]
  6608 | D:7      | Reached XP level 10. HP: 61/69 MP: 10/10
  6615 | D:7      | Reached skill level 1 in Invocations
  6838 | D:8      | HP: 1/69 [electric eel/bolt of electricity (10)]
  6839 | D:8      | Killed from afar by an electric eel

Illustrated notes

Levels and vault maps discovered:
D:1:      minmay_arrival_solitary_statue, layout_loops_ring, serial_shops,
          nicolae_shop_stone, hex_medium, lemuel_flame_loot_1
D:2:      layout_loops_ring, minmay_close_crescents
D:3:      layout_loops_cross, nemelex_diamond_rough_becter,
          nicolae_overflow_squiral, minmay_misc_feat_ornament, minmay_between,
          uniq_natasha
D:4:      cheibrodos_helix_gallery, layout_loops_cross, enter_ossuary_1,
          guppyfry_early_lair_pool, uniq_menkaure
D:5:      kennysheep_big_flooded_room, layout_loops_cross, trog_butcher_becter,
          ebering_ghost_sewer_f
D:6:      layout_loops_ring, nicolae_dithmenos_the_darkroom,
          minmay_temple_entry_large_hall
D:7:      layout_basic, nicolae_vehumet_altar_sigil, dreamdust_mushroom_princess
D:8:      layout_basic, mainiacjoe_overflow_catwalk, serial_bayou,
          serial_bayou_lake_a, serial_bayou_pond_e, serial_bayou_shore_b,
          serial_bayou_lagoon_a

Skill      XL: |  1  2  3  4  5  6  7  8  9 10 |
---------------+-------------------------------+-----
Staves         | 1 2 3 5 6 8 10 12 | 12.2
Armour         | 4 |  4.0
Invocations    | 2 |  2.3
Fighting       | |  2.9
Axes           | |  2.6
Throwing       | |  1.7
Dodging        | |  2.6

Action                     |  1- 3 |  4- 6 |  7- 9 | 10-12 || total
---------------------------+-------+-------+-------+-------++-------
  Melee: War axe           |    28 |       |       |       ||    28
         Lajatang          |    45 |    77 |   255 |    11 ||   388
         Kick              |     9 |    18 |    62 |     1 ||    90
         Headbutt          |       |    16 |    48 |     3 ||    67
         Tailslap          |       |       |    26 |     1 ||    27
  Throw: Throwing net      |       |     1 |       |       ||     1
    Use: Scroll            |     3 |     4 |    13 |       ||    20
 Armour: Leather armour    |    22 |       |       |       ||    22
         Plate armour      |    31 |    64 |   158 |    30 ||   283
  Dodge: Dodged            |    39 |    67 |   147 |    19 ||   272

Table legend: (Time is in decaauts)
 A = Elapsed time spent in this place.
 B = Non-inter-level travel time spent in this place.
 C = Inter-level travel time spent in this place.
 D = Time resting spent in this place.
 E = Time spent auto-exploring this place.
 F = Levels seen in this place.
 G = Mean time per level.
                   A        B        C        D        E       F      G
               +--------+--------+--------+--------+--------+-----+--------+
         Total |   7885 |   7237 |    648 |    685 |   5406 |   9 |  876.1 |
       Dungeon |   7487 |   6839 |    648 |    615 |   5254 |   8 |  935.9 |
       Ossuary |    397 |    397 |      0 |     70 |    152 |   1 |  397.0 |
               +--------+--------+--------+--------+--------+-----+--------+

Top non-repeatable levels by time:
     D:5: 1339 daAuts
     D:1: 1273 daAuts
     D:6: 1184 daAuts
     D:7: 1035 daAuts
     D:3: 964 daAuts
     D:4: 846 daAuts
     D:2: 800 daAuts
 Ossuary: 397 daAuts
     D:8: 42 daAuts
